 Dungeon Crawl Stone Soup version 0.21.1-1-g345015f (webtiles) character file.

597 odemus the Conjurer (level 7, 0/46 HPs)
             Began as a Human Conjurer on Mar 17, 2018.
             Succumbed to a water moccasin's poison
             ... on level 5 of the Dungeon on Apr 6, 2018.
             The game lasted 01:18:35 (5093 turns).

odemus the Conjurer (Human Conjurer)                Turns: 5093, Time: 01:18:35

Health: 0/46       AC:  7    Str:  8    XL:     7   Next: 68%
Magic:  3/12       EV: 11    Int: 17    God:
Gold:   165        SH:  0    Dex: 19    Spells: 9/12 levels left

rFire    . . .     SeeInvis +   m - +3 short sword
rCold    . . .     Gourm    .   (no shield)
rNeg     . . .     Faith    .   K - +0 ring mail
rPois    .         Spirit   .   o - +0 helmet
rElec    .         Reflect  .   G - +0 cloak
rCorr    .         Harm     .   (no gloves)
MR       .....                  (no boots)
Stlth    ++........             (no amulet)
HPRegen  0.15/turn              B - +5 ring of dexterity
MPRegen  0.13/turn              q - ring of see invisible

@: lethally poisoned (0 -> -26), about to teleport
A: no striking features
a: no special abilities


You were on level 5 of the Dungeon.
You were not hungry.

You visited 1 branch of the dungeon, and saw 5 of its levels.
You also visited: Sewer.

You collected 165 gold pieces.

Inventory:

Hand Weapons
 a - a cursed -1 dagger
 e - a +0 club
 k - a +0 club
 m - a +3 short sword (weapon)
Missiles
 i - 5 javelins (quivered)
Armour
 g - a +0 scale mail
 l - a +0 large shield
 o - a +0 helmet (worn)
 p - a +0 chain mail
 s - a +0 robe
 G - a +0 cloak (worn)
 H - a +0 leather armour
 K - a +0 ring mail (worn)
Magical Staves
 I - an uncursed staff of fire
Jewellery
 n - a -3 ring of dexterity
 q - a ring of see invisible (right hand)
 B - a +5 ring of dexterity (left hand)
 C - an uncursed amulet of harm
Wands
 y - a wand of clouds (5)
 D - a wand of paralysis (16)
Scrolls
 d - a scroll of fear {unknown}
 h - a scroll of identify
 E - a scroll of enchant armour {unknown}
 J - a scroll of immolation {unknown}
Potions
 f - a potion of ambrosia {unknown}
 j - a potion of flight
 t - a potion of brilliance {unknown}
 v - a potion of cancellation {unknown}
 x - a potion of mutation {unknown}
 z - a potion of magic {unknown}
 F - a potion of agility {unknown}
Books
 b - a book of Conjurations

   Spells                             Type                      Level
   a - Magic Dart                     Conjuration                  1
   b - Searing Ray                    Conjuration                  2
   c - Dazzling Spray                 Conjuration/Hexes            3
   d - Fulminant Prism                Conjuration/Hexes            4
   e - Force Lance                    Conjuration/Translocation    4
   f - Iskenderun's Mystic Blast      Conjuration                  4
 A - a book of Callings

   Spells                             Type                      Level
   a - Summon Small Mammal            Summoning                    1
   b - Call Imp                       Summoning                    2
   c - Call Canine Familiar           Summoning                    3
   d - Summon Guardian Golem          Hexes/Summoning              3
   e - Summon Lightning Spire         Summoning/Air                4
   f - Summon Ice Beast               Ice/Summoning                4
 L - a book of Callings

   Spells                             Type                      Level
   a - Summon Small Mammal            Summoning                    1
   b - Call Imp                       Summoning                    2
   c - Call Canine Familiar           Summoning                    3
   d - Summon Guardian Golem          Hexes/Summoning              3
   e - Summon Lightning Spire         Summoning/Air                4
   f - Summon Ice Beast               Ice/Summoning                4
Comestibles
 c - 3 rations


   Skills:
 - Level 3.0 Short Blades
 - Level 0.4 Maces & Flails
 + Level 3.0 Armour
 + Level 3.2 Dodging
 * Level 3.5 Stealth
 * Level 3.4 Spellcasting
 * Level 5.3 Conjurations


You had 9 spell levels left.
You knew the following spells:

 Your Spells              Type           Power        Failure   Level  Hunger
a - Magic Dart            Conj           ###.         5%          1    None
b - Searing Ray           Conj           ###...       9%          2    ##.....


Dungeon Overview and Level Annotations

Branches:
Dungeon (5/15)
 Temple: D:4-7

Altars:
Wu Jian

Annotations:
D:3 Ijyb; dscm's ghost, weakling DsNe


Message History

* * * LOW HITPOINT WARNING * * *
An ice beast comes into view.
You hit the water moccasin.
The water moccasin is severely wounded.
The water moccasin bites you.
* * * LOW HITPOINT WARNING * * *
The water moccasin bites you.
* * * LOW HITPOINT WARNING * * *
You are lethally poisoned!
The water moccasin poisons you!
As you read the scroll of teleportation, it crumbles to dust.
You feel strangely unstable.
* * * LOW HITPOINT WARNING * * *
You feel sick. The water moccasin bites you.
* * * LOW HITPOINT WARNING * * *
You are more poisoned.
The water moccasin poisons you!
* * * LOW HITPOINT WARNING * * *
You feel sick.
You die...

# .#
#####.#
#..<..#
#.#.#####
# #..Y@.#
#..##S#
#[..#.#
#####.#
#.....?.#
#########


You could see a water moccasin and an ice beast.

Vanquished Creatures
  2 bullfrogs (Sewer)
  A scorpion (D:4)
  A hound (D:4)
  Natasha (thrice) (D:2 D:4)
  Terence (D:2)
  2 worker ants (D:4)
  12 adders
  A river rat (D:4)
  An adder skeleton (D:4)
  5 worms
  2 dart slugs (D:1)
  3 leopard geckos
  An orc (D:3)
  5 ball pythons
  7 giant cockroaches
  14 goblins
  11 hobgoblins
  7 jackals
  4 quokkas
  10 bats
  15 frilled lizards
  6 kobolds
  5 rats
119 creatures vanquished.

Notes
Turn   | Place    | Note
-------+----------+-------------------------------------------
     0 | D:1      | odemus the Human Conjurer began the quest for the Orb.
     0 | D:1      | Reached XP level 1. HP: 13/13 MP: 3/3
   258 | D:1      | Reached XP level 2. HP: 19/19 MP: 0/5
   515 | D:1      | Learned a level 2 spell: Searing Ray
   522 | D:1      | Reached XP level 3. HP: 24/24 MP: 0/6
   738 | D:2      | Noticed Natasha
   926 | D:1      | Reached skill level 1 in Short Blades
  1188 | D:2      | Reached XP level 4. HP: 30/30 MP: 5/7
  1356 | D:2      | Killed Natasha
  1451 | D:2      | Reached XP level 5. HP: 35/35 MP: 5/9
  1842 | D:3      | Noticed Terence
  1864 | D:2      | Killed Terence
  1864 | D:2      | Reached skill level 1 in Armour
  2231 | D:3      | Noticed dscm's ghost (weakling DsNe)
  2629 | D:3      | Noticed Ijyb
  2781 | D:3      | Reached XP level 6. HP: 29/41 MP: 7/10
  3104 | D:4      | Found a glowing drain.
  3106 | D:4      | Noticed Natasha
  3112 | D:4      | Killed Natasha
  3112 | D:4      | Reached skill level 5 in Conjurations
  3163 | D:4      | Noticed Natasha
  3170 | D:4      | Killed Natasha
  3541 | Sewer    | Entered a sewer
  3694 | Sewer    | Reached XP level 7. HP: 46/46 MP: 6/11
  4762 | D:4      | Found an ornate altar of the Wu Jian Council.
  5040 | D:5      | Entered Level 5 of the Dungeon
  5069 | D:5      | Noticed a water moccasin
  5092 | D:5      | HP: 2/46 [poisoned by a water moccasin]
  5093 | D:5      | Succumbed to a water moccasin's poison

Skill      XL: |  1  2  3  4  5  6  7 |
---------------+----------------------+-----
Short Blades   | 1 2 3 |  3.0
Armour         | 1 2 3 |  3.0
Spellcasting   | 3 |  3.4
Conjurations   | 5 |  5.3
Stealth        | 3 |  3.5
Dodging        | 3 |  3.2
Maces & Flails | |  0.4

Action                   |  1- 3 |  4- 6 |  7- 9 || total
-------------------------+-------+-------+-------++-------
Melee: Club              |    18 |       |       ||    18
       Unarmed           |     1 |       |       ||     1
       Short sword       |    48 |   113 |    45 ||   206
 Cast: Magic Dart        |    32 |   137 |    29 ||   198
       Searing Ray       |       |     2 |     7 ||     9
  Use: Scroll            |     5 |     4 |     5 ||    14
       Potion            |     1 |     3 |     1 ||     5
  Eat: Ration            |     1 |     3 |     1 ||     5
Armor: Robe              |     5 |    25 |     4 ||    34
       Leather armour    |     2 |       |    11 ||    13
       Chain mail        |    64 |     2 |       ||    66
       Ring mail         |       |       |     8 ||     8
Dodge: Dodged            |    22 |    80 |    47 ||   149
